[Event "42nd Olympiad Baku 2016 Women"]
[Site "Baku"]
[Date "2016.09.06"]
[Round "5.7"]
[White "Uuriintuya, Uurtsaikh"]
[Black "Hotami, Mutriba"]
[Result "1-0"]
[ECO "C03"]
[WhiteElo "2228"]
[BlackElo "1735"]
[Annotator ""]
[PlyCount "93"]
[EventDate "2016.??.??"]
[EventType "team-tourn"]
[EventCountry "AZE"]
[SourceTitle "playchess.com"]
[Source "ChessBase"]
[WhiteTeam "Mongolia"]
[BlackTeam "Tajikistan"]
[WhiteTeamCountry "MGL"]
[BlackTeamCountry "TJK"]
[TimeControl "40/5400+30:1800+30"]

1. e4 {(00:00)} e6 {(00:00)} 2. d4 {(00:00)} d5 {(
00:00)} 3. Nd2 {(00:00)} Be7 {(00:30)} 4. e5 {(00:13)} c5
{(00:23)} 5. c3 {(00:02)} Nc6 {(00:23)} 6. Bd3 {(
00:03)} cxd4 {(04:57)} 7. cxd4 {(00:14)} Qb6 {(01:12)} 8.
Ndf3 {(01:37)} Bb4+ {(01:41)} 9. Bd2 {(07:30)} Bd7 {
(09:34)} 10. Ne2 {(00:55)} Bxd2+ {(02:15)} 11. Qxd2 {
(00:14)} Qb4 {(00:56)} 12. Rc1 {(01:18)} Qxd2+ {(
05:21)} 13. Kxd2 {(01:57)} f6 {(03:32)} 14. exf6 {(04:10)}
gxf6 {(02:20)} 15. Nc3 {(05:35)} Nb4 {(13:30)} 16. Bb5 {
(08:18)} a6 {(00:55)} 17. Bxd7+ {(02:20)} Kxd7 {(
00:08)} 18. Na4 {(00:30)} Kd6 {(01:19)} 19. Rhe1 {(02:39)}
Re8 {(04:31)} 20. Rc3 {(05:22)} Nc6 {(04:05)} 21. Nc5 {
(05:19)} b6 {(11:18)} 22. Nxe6 {(14:33)} Nge7 {(07:
14)} 23. Nh4 {(04:38)} Ng6 {(05:55)} 24. Nf5+ {(03:15)}
Kd7 {(00:17)} 25. Neg7 {(01:40)} Rxe1 {(00:59)} 26. Kxe1 {
(00:03)} Nge7 {(03:50)} 27. g4 {(07:37)} Nxf5 {(03:
19)} 28. Nxf5 {(00:30)} Re8+ {(03:18)} 29. Kd2 {(00:31)}
Ne7 {(01:16)} 30. Ng7 {(01:26)} Rg8 {(03:07)} 31. Nh5 {
(00:17)} Rf8 {(00:30)} 32. Rb3 {(01:21)} Nc8 {(03:
13)} 33. Rf3 {(01:25)} Ke7 {(01:44)} 34. Rf5 {(00:38)} Nd6
{(01:58)} 35. Rxd5 {(04:03)} f5 {(00:37)} 36. g5 {(
01:30)} Rg8 {(00:53)} 37. h4 {(00:34)} Rd8 {(00:22)} 38.
Re5+ {(00:24)} Kf7 {(00:15)} 39. Kd3 {(00:47)} Kg6 {
(00:37)} 40. Nf4+ {(00:00)} Kf7 {(00:00)} 41. h5 {(
10:13)} Re8 {(04:39)} 42. Rd5 {(01:23)} Rd8 {(02:17)} 43.
h6 {(00:27)} Ke7 {(03:04)} 44. Re5+ {(01:23)} Kf7 {
(01:17)} 45. Nd5 {(00:37)} Re8 {(05:22)} 46. Rxe8 {
(00:54)} Nxe8 {(00:25)} 47. Nxb6 {(00:08)} 1-0

[Event "42nd Olympiad Baku 2016 Women"]
[Site "Baku"]
[Date "2016.09.06"]
[Round "5.2"]
[White "Varela La Madrid, Tilsia Carolina"]
[Black "Jalaluldeen, Kareen Kamal J"]
[Result "0-1"]
[ECO "C11"]
[WhiteElo "2035"]
[BlackElo "1824"]
[Annotator ""]
[PlyCount "126"]
[EventDate "2016.??.??"]
[EventType "team-tourn"]
[EventCountry "AZE"]
[SourceTitle "playchess.com"]
[Source "ChessBase"]
[WhiteTeam "Venezuela"]
[BlackTeam "Iraq"]
[WhiteTeamCountry "VEN"]
[BlackTeamCountry "IRQ"]
[TimeControl "40/5400+30:1800+30"]

1. e4 {(00:00)} e6 {(00:00)} 2. d4 {(00:00)} d5 {(
00:00)} 3. Nc3 {(01:00)} Nf6 {(00:48)} 4. e5 {(00:29)}
Nfd7 {(00:06)} 5. Nf3 {(00:52)} c5 {(02:33)} 6. Ne2 {
(02:42)} cxd4 {(03:12)} 7. Nexd4 {(00:13)} Nc6 {(
05:01)} 8. Nxc6 {(00:45)} bxc6 {(00:06)} 9. Bd3 {(00:21)}
Qc7 {(02:04)} 10. Qe2 {(00:13)} Be7 {(01:43)} 11. O-O {
(00:34)} Nc5 {(06:04)} 12. Re1 {(07:21)} a5 {(04:
10)} 13. Be3 {(02:17)} Nxd3 {(12:09)} 14. cxd3 {(00:29)}
Ba6 {(01:45)} 15. Qc2 {(00:34)} O-O {(04:46)} 16. d4 {
(02:38)} h6 {(06:09)} 17. Rac1 {(00:23)} Rfb8 {(01:
43)} 18. b3 {(00:30)} Rc8 {(03:28)} 19. Nd2 {(04:30)} Ba3
{(01:40)} 20. Rcd1 {(00:34)} c5 {(01:35)} 21. dxc5 {
(01:28)} Bxc5 {(00:31)} 22. Bxc5 {(00:50)} Qxc5 {(
00:21)} 23. Qb2 {(00:10)} Qb4 {(03:46)} 24. Nf3 {(01:30)}
Rc7 {(06:37)} 25. Rd4 {(00:17)} Qb6 {(02:08)} 26. h3 {
(04:13)} Rac8 {(03:14)} 27. Rd2 {(00:28)} Rc3 {(04:
35)} 28. Nd4 {(02:25)} Bd3 {(02:29)} 29. Nf3 {(14:39)} Rc2
{(03:12)} 30. Rxc2 {(00:14)} Rxc2 {(00:12)} 31. Qd4 {
(00:07)} Qxd4 {(00:55)} 32. Nxd4 {(00:06)} Rxa2 {(
00:55)} 33. Rc1 {(00:10)} a4 {(03:39)} 34. bxa4 {(02:08)}
Rxa4 {(00:12)} 35. Rc8+ {(00:31)} Kh7 {(00:32)} 36. Nb3 {
(01:12)} Re4 {(05:36)} 37. Rc3 {(03:26)} Re1+ {(04:
28)} 38. Kh2 {(00:09)} Bf5 {(00:53)} 39. g4 {(01:10)} Bb1
{(03:09)} 40. f4 {(00:00)} Re2+ {(00:00)} 41. Kg3 {
(01:06)} Be4 {(04:46)} 42. Nc5 {(00:44)} g5 {(05:
32)} 43. fxg5 {(00:42)} hxg5 {(00:05)} 44. h4 {(00:11)}
Kh6 {(03:13)} 45. Nd7 {(02:31)} d4 {(01:46)} 46. Rc8 {
(00:23)} Re3+ {(00:23)} 47. Kh2 {(01:03)} gxh4 {(
00:13)} 48. Rg8 {(01:58)} Bg6 {(02:09)} 49. Rd8 {(02:33)}
d3 {(00:40)} 50. Nc5 {(00:11)} Kg5 {(06:08)} 51. Rd4 {
(00:29)} Rxe5 {(02:25)} 52. Nxd3 {(03:10)} Re2+ {(
00:06)} 53. Kg1 {(00:27)} Rd2 {(00:10)} 54. Ne5 {(00:11)}
Rxd4 {(00:54)} 55. Nf3+ {(00:05)} Kxg4 {(00:05)} 56. Nxd4
e5 57. Nc6 {(02:59)} f6 {(01:46)} 58. Kh2 {(00:43)} e4 {
(00:37)} 59. Nd4 {(00:45)} e3 {(00:38)} 60. Ne2 {(
01:49)} f5 {(00:17)} 61. Kg1 {(01:21)} f4 {(00:20)} 62.
Kh2 {(00:44)} f3 {(00:40)} 63. Nc3 {(00:08)} e2 {(
01:41)} 0-1

[Event "42nd Olympiad Baku 2016 Women"]
[Site "Baku"]
[Date "2016.09.06"]
[Round "5.1"]
[White "Vargas, Gabriela"]
[Black "Farha, Doha"]
[Result "1-0"]
[ECO "D00"]
[WhiteElo "2050"]
[BlackElo "1851"]
[Annotator ""]
[PlyCount "121"]
[EventDate "2016.??.??"]
[EventType "team-tourn"]
[EventCountry "AZE"]
[SourceTitle "playchess.com"]
[Source "ChessBase"]
[WhiteTeam "Paraguay"]
[BlackTeam "Syria"]
[WhiteTeamCountry "PAR"]
[BlackTeamCountry "SYR"]
[TimeControl "40/5400+30:1800+30"]

1. d4 {(00:00)} d5 {(00:00)} 2. Bg5 {(00:23)} Nf6 {
(02:02)} 3. e3 {(00:17)} Bf5 {(02:22)} 4. Bd3 {(00:
58)} Bxd3 {(01:55)} 5. Qxd3 {(00:03)} c6 {(00:48)} 6. Nd2
{(00:11)} Nbd7 {(01:01)} 7. f4 {(01:38)} e6 {(06:
54)} 8. Ngf3 {(01:44)} Be7 {(01:27)} 9. O-O {(00:42)} h6 {
(01:49)} 10. Bh4 {(00:59)} O-O {(08:20)} 11. c3 {(
04:01)} Ne8 {(11:48)} 12. Bxe7 {(06:01)} Qxe7 {(00:09)}
13. Ne5 {(05:53)} Nd6 {(04:29)} 14. e4 {(16:27)} dxe4 {
(02:30)} 15. Nxe4 {(00:04)} Nxe4 {(03:43)} 16. Qxe4 {
(00:18)} Nxe5 {(00:34)} 17. Qxe5 {(05:52)} Qd7 {(
02:33)} 18. Rae1 {(06:31)} Rfe8 {(04:06)} 19. a3 {(06:59)}
Rad8 {(05:07)} 20. Rf3 {(03:50)} Qd5 {(05:51)} 21. Qe3 {
(00:06)} Qf5 {(09:42)} 22. Qf2 {(02:04)} a6 {(06:
32)} 23. h3 {(03:08)} f6 {(01:45)} 24. Rfe3 {(01:18)} Kf7
{(02:28)} 25. g4 {(01:50)} Qd5 {(01:50)} 26. Qe2 {(
06:04)} Re7 {(04:40)} 27. Re4 {(06:04)} Rde8 {(00:36)} 28.
Qf2 {(04:48)} Kg8 {(01:55)} 29. Qe3 {(04:26)} Kf7 {
(01:15)} 30. Kf2 {(01:41)} Qb5 {(01:33)} 31. Re2 {(
00:34)} Qd5 {(00:31)} 32. h4 {(02:26)} g6 {(01:37)} 33.
Kg1 {(04:51)} h5 {(01:44)} 34. g5 {(02:51)} f5 {(
00:38)} 35. Re5 {(00:02)} Qd6 {(00:20)} 36. Kf2 {(00:56)}
Qd7 {(00:41)} 37. Kg3 {(00:31)} Qc7 {(00:39)} 38. b4 {
(00:25)} Qd6 {(01:00)} 39. a4 {(00:30)} b6 {(00:24]
} 40. Qd3 {(00:00)} b5 {(00:00)} 41. Ra2 {(04:07)} Qb8 {
(04:05)} 42. Qf3 {(02:23)} Qb6 {(01:33)} 43. Rc5 {(
00:25)} Rc7 {(01:03)} 44. Qe3 {(00:19)} Rd7 {(00:46)} 45.
Qe5 {(00:21)} Kg8 {(04:59)} 46. axb5 {(03:31)} cxb5 {
(04:56)} 47. Qf6 {(00:58)} Kh7 {(01:00)} 48. Re2 {(
02:04)} Qd8 {(05:38)} 49. Qxd8 {(01:31)} Rdxd8 {(00:07)}
50. Rc6 {(00:22)} Rc8 {(00:13)} 51. Rexe6 {(01:14)} Rxe6 {
(00:51)} 52. Rxc8 {(00:00)} Rd6 {(01:06)} 53. Rc7+ {
(00:00)} Kg8 {(00:06)} 54. Kf3 {(01:03)} Kf8 {(00:
07)} 55. Rc5 {(00:49)} Ke7 {(00:15)} 56. d5 {(00:11)} Kd7
{(00:20)} 57. Ke3 {(00:12)} Rb6 {(00:20)} 58. Kd4 {
(00:27)} Rd6 {(00:46)} 59. Rc6 {(00:35)} Rxc6 60. dxc6+ {
(00:05)} Kxc6 {(03:27)} 61. Ke5 {(00:04] Kd5+} 1-0

[Event "42nd Olympiad Baku 2016 Women"]
[Site "Baku"]
[Date "2016.09.06"]
[Round "5.21"]
[White "Varona-Thomas, Maria"]
[Black "Al-khelaifi, Aisha"]
[Result "1/2-1/2"]
[ECO "C30"]
[WhiteElo "1775"]
[BlackElo "1685"]
[Annotator ""]
[PlyCount "126"]
[EventDate "2016.??.??"]
[EventType "team-tourn"]
[EventCountry "AZE"]
[SourceTitle "playchess.com"]
[Source "ChessBase"]
[WhiteTeam "Guyana"]
[BlackTeam "Qatar"]
[WhiteTeamCountry "GUY"]
[BlackTeamCountry "QAT"]
[TimeControl "40/5400+30:1800+30"]

1. e4 {(00:00)} e5 {(00:00)} 2. f4 {(00:00)} Bc5 {(
00:00)} 3. Nf3 {(00:02)} d6 {(00:24)} 4. d4 exd4 {(03:45)}
5. Nxd4 {(25:35)} Nf6 {(01:58)} 6. Nc3 {(00:53)} O-O {
(01:46)} 7. Be2 {(07:33)} Re8 {(04:52)} 8. Qd3 {(
11:42)} Bxd4 {(24:38)} 9. Qxd4 {(01:37)} Nc6 {(00:18)} 10.
Qa4 {(06:58)} a6 {(07:38)} 11. O-O {(03:00)} Bd7 {(
01:33)} 12. Qc4 {(17:50)} b5 {(03:36)} 13. Qd3 {(00:06)}
b4 {(04:21)} 14. Nd5 {(00:55)} Nxe4 {(01:51)} 15. Bf3 {
(00:35)} Nc5 {(01:51)} 16. Qd1 {(01:04)} Rb8 {(02:
46)} 17. b3 {(02:51)} Ne7 {(04:59)} 18. Bb2 {(01:15)} Nxd5
{(01:32)} 19. Bxd5 {(00:02)} Qe7 {(05:10)} 20. Qh5 {
(01:07)} c6 {(04:41)} 21. Rae1 {(03:54)} Qf8 {(01:
19)} 22. Bf3 {(00:50)} Rxe1 {(00:41)} 23. Rxe1 {(00:05)}
Re8 {(00:27)} 24. Rd1 {(01:55)} Qe7 {(04:53)} 25. f5 {
(02:15)} Qe3+ {(01:33)} 26. Kf1 {(00:01)} Qf4 {(05:
04)} 27. Bc1 {(02:49)} Qxf5 {(01:48)} 28. Qxf5 {(00:07)}
Bxf5 {(00:46)} 29. Rxd6 {(00:30)} Bxc2 {(02:32)} 30. Bxc6
{(00:12)} Bd3+ {(03:45)} 31. Kf2 {(02:54)} Rc8 {(
00:24)} 32. Be3 {(00:16)} Be4 {(02:32)} 33. Bxc5 {(00:10)}
Bxc6 {(00:19)} 34. Bxb4 {(00:10)} h6 {(00:20)} 35. a4 {
(01:12)} Bb7 {(00:21)} 36. Rd2 {(02:13)} g5 {(01:
24)} 37. g3 {(00:12)} Re8 {(00:56)} 38. Rd7 {(00:25)} Bc6
{(01:05)} 39. Rd6 {(00:12)} Bb7 {(00:02)} 40. Rxh6 {
(00:30)} Kg7 41. Rb6 {(30:11)} Bd5 {(31:38)} 42. Bc3+ {
(00:07)} Kg8 {(00:00)} 43. Rh6 {(00:00)} f5 {(00:
00)} 44. Rxa6 {(00:00)} Bxb3 {(00:00)} 45. Rg6+ {(00:00)}
Kf7 {(00:00)} 46. Rxg5 {(00:00)} Bxa4 {(00:00)} 47. Rxf5+
{(00:00)} Kg6 {(00:00)} 48. Rf6+ {(00:00)} Kh7 {(
00:00)} 49. h4 {(00:00)} Bb3 {(00:00)} 50. g4 {(00:00)}
Re4 {(00:00)} 51. Kg3 {(00:00)} Re3+ {(00:00)} 52. Rf3
Rxf3+ {(00:00)} 53. Kxf3 {(00:00)} Bd1+ {(00:00)} 54. Kf4
{(00:00)} Kg6 {(00:00)} 55. h5+ {(00:00)} Kh6 {(00:
00)} 56. Bb4 {(00:00)} Kg7 57. Kg5 {(00:00)} Be2 {(00:00)}
58. Bc3+ Kh7 59. Kh4 {(00:00)} Bd3 {(00:00)} 60. g5 {(00:
00)} Be4 {(00:00)} 61. Kg3 {(00:00)} Bb1 {(00:00)} 62. Kf4
{(00:00)} Bd3 {(00:00)} 63. Ke5 {(00:00)} Be2 {(00:
00)} 1/2-1/2

[Event "42nd Olympiad Baku 2016 Women"]
[Site "Baku"]
[Date "2016.09.06"]
[Round "5.13"]
[White "Vazquez Maccarini, Danitza"]
[Black "Boric, Elena"]
[Result "0-1"]
[ECO "B04"]
[WhiteElo "2142"]
[BlackElo "2216"]
[Annotator ""]
[PlyCount "116"]
[EventDate "2016.??.??"]
[EventType "team-tourn"]
[EventCountry "AZE"]
[SourceTitle "playchess.com"]
[Source "ChessBase"]
[WhiteTeam "Puerto Rico"]
[BlackTeam "Bosnia  Herzegovina"]
[WhiteTeamCountry "PUR"]
[BlackTeamCountry "BIH"]
[TimeControl "40/5400+30:1800+30"]

1. e4 {(00:00)} Nf6 {(00:00)} 2. e5 {(00:00)} Nd5 {
(00:00)} 3. d4 {(00:00)} d6 {(00:02)} 4. Nf3 {(00:
07)} g6 {(00:21)} 5. c4 {(01:43)} Nb6 {(00:13)} 6. Be2 {
(03:10)} Bg7 {(00:08)} 7. exd6 {(01:13)} cxd6 {(00:
09)} 8. O-O {(00:39)} O-O {(00:10)} 9. Nc3 {(01:59)} Bg4 {
(02:21)} 10. b3 {(07:01)} Nc6 {(00:24)} 11. Be3 {(
00:38)} d5 {(08:45)} 12. c5 {(02:06)} Nc8 {(00:16)} 13.
Ne5 {(24:45)} Bxe2 {(05:45)} 14. Nxc6 {(00:21)} bxc6 {
(02:44)} 15. Qxe2 {(02:10)} e6 {(09:43)} 16. Rad1 {
(05:40)} Qa5 {(02:32)} 17. Qd2 {(04:31)} Rb8 {(05:
47)} 18. Ne2 {(20:45)} Qxd2 {(00:47)} 19. Rxd2 {(00:13)}
Re8 {(02:16)} 20. f4 {(03:56)} h5 {(00:49)} 21. Bf2 {
(06:13)} Ne7 {(00:38)} 22. h3 {(01:05)} Nf5 {(01:
20)} 23. g4 {(00:26)} hxg4 {(00:28)} 24. hxg4 {(00:05)}
Nh6 {(00:28)} 25. g5 {(00:32)} Nf5 {(00:38)} 26. Ng3 {
(03:51)} Rb4 {(02:31)} 27. Rfd1 {(00:59)} a5 {(01:
22)} 28. Rd3 {(02:42)} a4 {(08:32)} 29. Nxf5 {(04:53)}
exf5 {(00:14)} 30. Be1 {(00:30)} Rb7 {(09:14)} 31. bxa4 {
(02:23)} Re4 {(00:55)} 32. a5 {(00:50)} Rxf4 {(00:
28)} 33. a6 {(00:25)} Ra7 {(00:44)} 34. Rb1 {(00:18)}
Bxd4+ {(02:55)} 35. Kh1 {(00:15)} Bxc5 {(05:57)} 36. Rb8+
{(00:32)} Kg7 {(00:23)} 37. Rh3 {(00:47)} Be7 {(10:
20)} 38. Rb7 {(00:42)} Bc5 {(03:36)} 39. Rb8 {(00:14)} Rg4
{(08:31)} 40. Rbh8 {(00:00)} Rg1+ {(00:00)} 41. Kh2 {
(00:46)} Rxg5 {(01:47)} 42. R3h7+ {(01:51)} Kf6 {(
00:01)} 43. Bh4 {(00:20)} Rxa6 {(00:14)} 44. Bxg5+ {(00:
34)} Kxg5 {(00:03)} 45. Rxf7 {(00:05)} Rxa2+ {(00:16)} 46.
Kh1 {(01:15)} Kg4 {(01:07)} 47. Rf6 {(00:14)} g5 {(
00:57)} 48. Rxc6 {(00:07)} Kg3 {(01:29)} 49. Rh3+ {(01:00]
} Kxh3 {(00:17)} 50. Rh6+ {(00:00)} Kg3 {(01:00)} 51. Rh3+
{(00:00)} Kf4 {(00:24)} 52. Rh4+ {(01:01)} Ke3 {(
00:50)} 53. Rh3+ {(00:09)} Ke4 {(00:19)} 54. Rh4+ {(00:20]
} Kd3 {(00:15)} 55. Rh3+ {(00:26)} Be3 {(00:13)} 56. Rf3 {
(00:58)} Ra1+ {(00:17)} 57. Kg2 {(00:06)} f4 {(00:
22)} 58. Rh3 {(00:17)} Ke2 {(00:58)} 0-1

[Event "42nd Olympiad Baku 2016 Women"]
[Site "Baku"]
[Date "2016.09.06"]
[Round "5.21"]
[White "Vega Gutierrez, Sabrina"]
[Black "Mamedjarova, Turkan"]
[Result "1-0"]
[ECO "D30"]
[WhiteElo "2411"]
[BlackElo "2304"]
[Annotator ""]
[PlyCount "67"]
[EventDate "2016.??.??"]
[EventType "team-tourn"]
[EventCountry "AZE"]
[SourceTitle "playchess.com"]
[Source "ChessBase"]
[WhiteTeam "Spain"]
[BlackTeam "Azerbaijan"]
[WhiteTeamCountry "ESP"]
[BlackTeamCountry "AZE"]
[TimeControl "40/5400+30:1800+30"]

1. d4 {(00:00)} d5 {(00:00)} 2. c4 {(00:00)} e6 {(
00:00)} 3. Nf3 {(00:01)} Nf6 {(00:05)} 4. e3 {(00:23)}
Bb4+ {(00:47)} 5. Nbd2 {(01:55)} O-O {(03:05)} 6. Bd3 {
(25:03)} dxc4 {(04:28)} 7. Bxc4 {(00:10)} b6 {(00:
16)} 8. O-O {(01:38)} Bb7 {(02:13)} 9. Ne5 {(03:00)} Nbd7
{(05:19)} 10. Ndf3 {(09:58)} Qe7 {(11:11)} 11. Bb5 {
(09:03)} Bd6 {(36:15)} 12. Bc6 {(01:25)} Nxe5 {(06:
26)} 13. Nxe5 {(05:35)} Bxc6 {(05:39)} 14. Nxc6 {(00:12)}
Qe8 {(03:47)} 15. Qc2 {(01:21)} e5 {(02:13)} 16. dxe5 {
(08:00)} Bxe5 {(00:51)} 17. e4 {(00:25)} Bd6 {(08:
47)} 18. e5 {(04:34)} Bxe5 {(00:19)} 19. Bg5 {(00:16)} Bd6
{(03:19)} 20. Rae1 {(00:28)} Qd7 {(00:13)} 21. Bxf6 {
(00:22)} gxf6 {(00:00)} 22. Re3 {(00:26)} Kg7 {(01:
06)} 23. Rh3 {(12:42)} Rh8 {(00:11)} 24. Nd4 {(05:32)}
Bxh2+ {(00:42)} 25. Kxh2 {(00:27)} Qxd4 {(00:02)} 26. Rd1
{(00:13)} Qe5+ {(00:51)} 27. Rg3+ {(00:14)} Kf8 {(
00:05)} 28. Rd7 {(01:19)} c5 {(03:27)} 29. Qd2 {(05:52)}
h5 {(02:14)} 30. f4 {(03:01)} Qe6 {(00:36)} 31. Rd8+ {
(00:31)} Rxd8 {(00:01)} 32. Qxd8+ {(00:09)} Qe8 {(
00:01)} 33. Qxf6 {(00:20)} Rh7 {(00:05)} 34. Rd3 {(00:18)}
1-0

[Event "42nd Olympiad Baku 2016 Women"]
[Site "Baku"]
[Date "2016.09.06"]
[Round "5.15"]
[White "Vega Jimenez, Keyshla M"]
[Black "Jacimovic, Sara"]
[Result "1/2-1/2"]
[ECO "C47"]
[WhiteElo "1641"]
[BlackElo "1992"]
[Annotator ""]
[PlyCount "99"]
[EventDate "2016.??.??"]
[EventType "team-tourn"]
[EventCountry "AZE"]
[SourceTitle "playchess.com"]
[Source "ChessBase"]
[WhiteTeam "Puerto Rico"]
[BlackTeam "Bosnia  Herzegovina"]
[WhiteTeamCountry "PUR"]
[BlackTeamCountry "BIH"]
[TimeControl "40/5400+30:1800+30"]

1. e4 {(00:00)} e5 {(00:00)} 2. Nf3 {(00:00)} Nc6 {
(00:00)} 3. Nc3 {(00:00)} Nf6 {(00:55)} 4. d4 {(00:
00)} exd4 {(01:14)} 5. Nxd4 {(00:01)} Bb4 {(00:44)} 6.
Nxc6 {(00:15)} bxc6 {(00:45)} 7. Bd3 {(00:10)} O-O {
(07:43)} 8. O-O {(00:37)} Re8 {(03:19)} 9. Qf3 {(
03:53)} h6 {(04:23)} 10. Qg3 {(14:40)} Kh8 {(05:46)} 11.
e5 {(04:28)} Nh7 {(13:40)} 12. Qf4 {(11:12)} Qe7 {(
02:05)} 13. Qe4 {(07:18)} Nf8 {(00:47)} 14. f4 {(19:00)}
f6 {(17:09)} 15. Kh1 {(07:51)} Bxc3 {(09:59)} 16. bxc3 {
(00:08)} d5 {(00:51)} 17. Qf3 {(02:16)} Bd7 {(03:
41)} 18. Qh5 {(08:29)} Kg8 {(03:02)} 19. exf6 {(06:12)}
Qxf6 {(00:27)} 20. Bd2 {(00:29)} Rab8 {(03:23)} 21. c4 {
(04:08)} Qf7 {(01:30)} 22. Qxf7+ {(05:24)} Kxf7 {(
00:04)} 23. f5 {(00:47)} Nh7 {(01:36)} 24. Bf4 {(00:28)}
Rec8 {(02:37)} 25. Rab1 {(00:55)} Nf6 {(05:07)} 26. Rxb8 {
(00:54)} Rxb8 {(00:03)} 27. Bxc7 {(00:32)} Rb2 {(
00:46)} 28. a4 {(00:08)} Ra2 {(00:27)} 29. a5 {(00:05)}
Ne8 {(01:33)} 30. cxd5 {(01:56)} Nxc7 {(03:59)} 31. dxc6 {
(00:05)} Rxa5 {(02:35)} 32. cxd7 {(00:24)} Ke7 {(
00:23)} 33. f6+ {(00:40)} gxf6 {(01:02)} 34. Rxf6 {(00:13]
} Ra1+ {(02:02)} 35. Rf1 {(00:02)} Rxf1+ {(00:11)} 36.
Bxf1 {(00:02)} Kxd7 {(00:22)} 37. Bc4 {(00:41)} a5 {
(00:10)} 38. g4 {(00:13)} Kd6 {(00:48)} 39. Kg2 {(
00:31)} Ke5 {(00:24)} 40. Kf3 {(00:47)} a4 {(00:00)} 41.
Ke3 {(02:23)} a3 {(02:20)} 42. h4 {(04:56)} Nb5 {(
06:52)} 43. g5 {(01:06)} hxg5 {(01:04)} 44. hxg5 {(01:53)}
Nd4 {(02:28)} 45. c3 {(04:15)} Nb5 {(01:01)} 46. g6 {
(03:42)} Kf6 {(00:19)} 47. Bf7 {(01:25)} Nxc3 {(00:
10)} 48. Kd3 {(00:23)} a2 {(00:11)} 49. Bxa2 {(00:06)}
Nxa2 {(00:03)} 50. Ke4 {Ke5+} 1/2-1/2

[Event "42nd Olympiad Baku 2016 Women"]
[Site "Baku"]
[Date "2016.09.06"]
[Round "5.3"]
[White "Velikic, Adela"]
[Black "Ushenina, Anna"]
[Result "1/2-1/2"]
[ECO "B43"]
[WhiteElo "2260"]
[BlackElo "2457"]
[Annotator ""]
[PlyCount "89"]
[EventDate "2016.??.??"]
[EventType "team-tourn"]
[EventCountry "AZE"]
[SourceTitle "playchess.com"]
[Source "ChessBase"]
[WhiteTeam "Serbia"]
[BlackTeam "Ukraine"]
[WhiteTeamCountry "SRB"]
[BlackTeamCountry "UKR"]
[TimeControl "40/5400+30:1800+30"]

1. e4 {(00:00)} c5 {(00:00)} 2. Nf3 {(00:00)} e6 {(
00:30)} 3. Nc3 {(00:00)} a6 {(00:23)} 4. d4 {(00:11)} cxd4
{(00:04)} 5. Nxd4 {(00:05)} d6 {(00:53)} 6. Be2 {(
00:38)} b5 {(00:31)} 7. Bf3 {(05:27)} Bb7 {(00:43)} 8. O-O
{(00:14)} Nd7 {(00:32)} 9. a4 {(06:38)} b4 {(00:33]
} 10. Na2 {(00:19)} Ne5 {(00:20)} 11. Re1 {(05:35)} d5 {
(46:55)} 12. exd5 {(12:01)} Nxf3+ {(00:11)} 13. Nxf3 {
(00:38)} Bxd5 {(04:34)} 14. Bd2 {(10:14)} Bxa2 {(
09:26)} 15. Rxa2 {(00:09)} Qd5 {(00:23)} 16. Ra1 {(00:52)}
Nf6 {(00:40)} 17. c3 {(17:56)} a5 {(09:01)} 18. Re5 {
(12:34)} Qd8 {(06:54)} 19. Qe2 {(09:37)} Bd6 {(01:
41)} 20. Rb5 {(00:22)} bxc3 {(00:32)} 21. Bxc3 {(00:14)}
O-O {(00:12)} 22. Qe1 {(05:18)} Bc7 {(01:22)} 23. Ne5 {
(00:52)} Nd5 {(00:37)} 24. Rd1 {(02:04)} Qh4 {(02:
33)} 25. Bd4 {(03:38)} Rfd8 {(06:14)} 26. g3 {(01:18)} Qh5
{(01:42)} 27. Rc1 {(01:21)} Qh3 {(03:49)} 28. Qe4 {
(03:54)} Bd6 {(00:50)} 29. Nf3 {(00:35)} Rac8 {(00:
41)} 30. Rf1 {(00:47)} Bb4 {(00:23)} 31. Qe5 {(00:41)} Qh6
{(00:12)} 32. Nh4 {(00:39)} Ne7 {(01:34)} 33. Be3 {
(00:38)} Qf6 {(00:20)} 34. Qxf6 {(00:36)} gxf6 {(
00:01)} 35. Nf3 {(00:41)} Nd5 {(01:06)} 36. Bh6 {(00:18)}
Rc2 {(00:29)} 37. Nd4 {(00:35)} Rxb2 {(00:34)} 38. Nc6 {
(00:16)} Rc8 {(00:42)} 39. Nxa5 {(00:50)} Nc3 {(00:
14)} 40. Rb7 {(00:00)} Nxa4 {(00:00)} 41. Nc4 {(08:22)}
Rc2 {(14:34)} 42. Ne3 {(00:47)} Rb2 {(00:09)} 43. Nc4 {
(01:06)} Rc2 {(00:04)} 44. Ne3 {(00:18)} Rb2 {(00:
03)} 45. Nc4 {(00:17)} 1/2-1/2

[Event "42nd Olympiad Baku 2016 Women"]
[Site "Baku"]
[Date "2016.09.06"]
[Round "5.4"]
[White "Vidic, Teja"]
[Black "Markantonaki, Haritomeni"]
[Result "1-0"]
[ECO "B40"]
[WhiteElo "2121"]
[BlackElo "2188"]
[Annotator ""]
[PlyCount "89"]
[EventDate "2016.??.??"]
[EventType "team-tourn"]
[EventCountry "AZE"]
[SourceTitle "playchess.com"]
[Source "ChessBase"]
[WhiteTeam "Slovenia"]
[BlackTeam "Greece"]
[WhiteTeamCountry "SLO"]
[BlackTeamCountry "GRE"]
[TimeControl "40/5400+30:1800+30"]

1. e4 {(00:00)} c5 {(00:00)} 2. Nf3 {(00:04)} e6 {(
00:00)} 3. b3 {(00:19)} d6 {(01:19)} 4. Bb2 {(00:26)} e5 {
(01:29)} 5. Bb5+ {(00:39)} Nd7 {(00:15)} 6. O-O {(
01:29)} Ngf6 {(02:30)} 7. Re1 {(00:48)} a6 {(01:26)} 8.
Bf1 {(11:19)} Be7 {(01:23)} 9. c3 {(00:21)} O-O {(
02:23)} 10. d4 {(02:01)} Qc7 {(14:21)} 11. dxe5 {(05:04)}
Nxe5 {(01:13)} 12. c4 {(08:21)} Be6 {(08:16)} 13. Nc3 {
(01:10)} Rab8 {(07:44)} 14. h3 {(13:30)} h6 {(04:
28)} 15. Nd5 {(19:09)} Bxd5 {(03:03)} 16. exd5 {(00:47)}
Nfd7 {(04:28)} 17. Nxe5 {(03:41)} dxe5 {(06:51)} 18. f4 {
(06:15)} Bd6 {(03:18)} 19. fxe5 {(01:05)} Nxe5 {(
01:35)} 20. Qh5 {(01:27)} Rfe8 {(04:24)} 21. Re3 {(01:12)}
Ng6 {(02:00)} 22. Rae1 {(01:21)} Bh2+ {(04:36)} 23. Kh1 {
(01:44)} Rxe3 {(00:05)} 24. Rxe3 {(00:04)} Bf4 {(
01:01)} 25. Re4 {(01:19)} b5 {(07:31)} 26. Qf5 {(02:07)}
Bd6 {(01:00)} 27. h4 {(01:33)} Bf8 {(06:09)} 28. h5 {
(06:39)} Ne7 {(00:29)} 29. Qe5 {(04:55)} Qxe5 {(04:
56)} 30. Rxe5 {(01:11)} Rb6 {(01:36)} 31. g4 {(02:12)} Nc8
{(01:06)} 32. Bc1 {(02:27)} Rf6 {(02:24)} 33. Kg2 {
(00:39)} bxc4 {(01:14)} 34. Bxc4 {(00:52)} a5 {(00:
15)} 35. Re8 {(00:36)} Nd6 {(00:24)} 36. Ra8 {(00:18)} Ne4
{(00:25)} 37. Be3 {(00:25)} g6 {(01:46)} 38. Bxh6 {
(00:29)} gxh5 {(00:29)} 39. Bxf8 {(00:40)} Rf2+ {(
00:45)} 40. Kg1 {(00:00)} Rxa2 {(00:00)} 41. Bxc5+ {(04:
18)} Kg7 {(00:37)} 42. Bf8+ {(00:45)} Kf6 {(00:29)} 43.
gxh5 {(00:48)} Nd2 {(00:40)} 44. h6 {(01:46)} Nf3+ {
(00:16)} 45. Kf1 {(00:07)} 1-0